 Dungeon Crawl Stone Soup version 0.24.0-41-g2ae2f7f1be (webtiles) character file.

Game seed: 8148495059890958739, levelgen mode: deterministic

146 Anathary the Nimble (level 5, -5/24 HPs)
             Began as a Felid Berserker on Dec 10, 2019.
             Was a Priest of Trog.
             Killed by divine providence
             ... invoked by an orc priest
              (10 damage)
             ... on level 4 of the Dungeon.
             The game lasted 00:12:27 (3588 turns).

Anathary the Nimble (Felid Berserker)               Turns: 3588, Time: 00:12:27

Health: -5/24      AC:  2    Str: 14    XL:     5   Next: 7%
Magic:  6/6        EV: 24    Int:  8    God:    Trog [***...]
Gold:   150        SH:  0    Dex: 17    Spells: 4/4 levels left
                                        Lives:  0   Deaths: 1

rFire    . . .     SeeInvis +     - Unarmed
rCold    . . .     Gourm    .   (shield unavailable)
rNeg     . . .     Faith    .   (armour unavailable)
rPois    .         Spirit   .   (helmet unavailable)
rElec    .         Reflect  .   (cloak unavailable)
rCorr    .         Harm     .   (gloves unavailable)
MR       .....                  (boots unavailable)
Stlth    +++.......             (no amulet)
HPRegen  0.08/turn              (no ring)
MPRegen  0.10/turn              (no ring)

@: quick
A: very small, no armour, no weapons or thrown items, stealth, claws 1, fangs 3,
see invisible, carnivore, speed 1, shaggy fur 2, slow metabolism 1, sharp paws
a: Berserk, Trog's Hand, Renounce Religion


You were on level 4 of the Dungeon.
You worshipped Trog.
Trog was most pleased with you.
You were not hungry.

You visited 1 branch of the dungeon, and saw 4 of its levels.

You collected 150 gold pieces.

Inventory:

Jewellery
 l - an uncursed ring of positive energy {unknown}
Wands
 g - a wand of paralysis (6)
Scrolls
 c - 3 scrolls of identify {unknown}
 d - a scroll of fog {unknown}
 e - 2 scrolls of remove curse {unknown}
 f - a scroll of blinking {unknown}
 i - 3 scrolls of enchant weapon {unknown}
 j - a scroll of magic mapping {unknown}
 m - a scroll of random uselessness {unknown}
Potions
 b - a potion of lignification {unknown}
 h - a potion of degeneration {unknown}
 k - a potion of flight {unknown}
Comestibles
 a - 6 rations


   Skills:
 - Level 3.0 Fighting
 * Level 8.3 Dodging
 + Level 3.4 Stealth
 - Level 3.0 Unarmed Combat


You had 4 spell levels left.
You didn't know any spells.
Your spell library was empty.

Dungeon Overview and Level Annotations

Branches:
Dungeon (4/15)
 Temple: D:4-7

Altars:


Innate Abilities, Weirdness & Mutations

You cannot wear armour.
You are incapable of wielding weapons or throwing items.
Your paws allow you to move quietly. (Stealth)
You have sharp claws.
You have razor-sharp teeth.
You have supernaturally acute eyesight. (SInv)
You are carnivorous and can eat meat at any time.
You cover ground quickly.
You are covered in thick fur. (AC +2)
You have a slow metabolism.
Your sharp claws are effective at attacking unaware monsters.


Message History

The orc completely misses you.
The orc wizard hits you with a +2 dagger of electrocution.
You die...
The orc priest completely misses you.
You are now level 5!
You rejoin the land of the living...
You claw the orc!
You kill the orc!
Trog accepts your kill.
The orc priest calls down the wrath of Beogh upon you.
Beogh smites you!
Ouch! That really hurt!
You scratch the orc priest but do no damage.
The orc priest hits you with a +0 dagger.
* * * LOW HITPOINT WARNING * * *
You scratch the orc priest.
The orc priest is moderately wounded.
The orc priest calls down the wrath of Beogh upon you.
Beogh smites you!
You die...

...# #.†...........### .#.#####
#.........<...†.# .......#
#.............#.# .......#
#.............#.# .......#
#.............#.# .......#
#.......o.....#.###
.......########......oo.)........
.#....###......o##########.......
.#....###.####..@................
.#)...##.....#.###########.o.....
.#....##...#.#.#### #†o.....
.#....##............# #oo.....
))....##.#..........# #o......
....................# #.......
.#....##.#..........# ...#####
.........#..........# .#.#
........##..........# . ..


You could see an orc priest.

Vanquished Creatures
  A hound (D:4)
  An orc wizard (D:4)
  Ijyb (D:2)
  2 worker ants (D:4)
  4 adders
  An ooze (D:1)
  An adder skeleton (D:3)
  2 worms (D:2)
  2 dart slugs
  5 leopard geckos
  7 orcs
  3 giant cockroaches
  10 goblins
  8 hobgoblins
  14 jackals
  8 kobolds
  2 quokkas
  A ball python (D:3)
  4 bats
  2 frilled lizards
  8 rats
87 creatures vanquished.

Notes
Turn   | Place    | Note
-------+----------+-------------------------------------------
     0 | D:1      | Anathary the Felid Berserker began the quest for the Orb.
     0 | D:1      | Reached XP level 1. HP: 10/10 MP: 2/2
    69 | D:1      | Reached skill level 5 in Dodging
    69 | D:1      | Reached XP level 2. HP: 2/14 MP: 3/3
   822 | D:1      | Reached XP level 3. HP: 6/17 MP: 4/4
   847 | D:1      | Reached ** piety under Trog
  1061 | D:2      | Reached skill level 6 in Dodging
  1061 | D:2      | Reached skill level 1 in Stealth
  1482 | D:2      | Reached XP level 4. HP: 14/21 MP: 5/5
  1660 | D:2      | Found a faded altar of an unknown god.
  1815 | D:2      | Noticed Ijyb
  1861 | D:2      | Paralysed by Ijyb for 7 turns
  1869 | D:2      | Killed Ijyb
  1875 | D:2      | Reached skill level 7 in Dodging
  2545 | D:3      | Reached *** piety under Trog
  2545 | D:3      | Reached XP level 5. HP: 22/24 MP: 6/6
  3244 | D:4      | Reached skill level 8 in Dodging
  3539 | D:4      | Gained mutation: You are covered in thick fur. (AC +2)
                  | [Felid growth]
  3539 | D:4      | Reached XP level 6. HP: 28/28 MP: 7/7
  3557 | D:4      | HP: 1/28 [orc priest/+0 dagger (2)]
  3559 | D:4      | Slain by an orc wizard
  3560 | D:4      | Reached XP level 5. HP: -3/24 MP: 6/6
  3588 | D:4      | Killed from afar by an orc priest

Levels and vault maps discovered:
D:1:      wander_arrival_estate, layout_basic
D:2:      kennysheep_the_goblin_king, layout_loops_cross,
          chequers_ecumenical_altar_simple_redux
D:3:      layout_loops_cross, first_ration
D:4:      layout_basic, item_on_display_a

Skill      XL: |  1  2  3  4  5 |
---------------+----------------+-----
Dodging        | 5 6 7 8 |  8.3
Stealth        | 1 2 3 |  3.4
Fighting       | |  3.0
Unarmed Combat | |  3.0

Action                   |  1- 3 |  4- 6 || total
-------------------------+-------+-------++-------
Melee: Unarmed           |   133 |   191 ||   324
       Bite              |    14 |    11 ||    25
       Punch             |     3 |       ||     3
Invok: Trog's Hand       |     1 |       ||     1
 Stab: Sleeping          |     5 |     5 ||    10
  Eat: Chunk             |       |     4 ||     4
       Ration            |       |     1 ||     1
Armor: Skin              |     6 |     2 ||     8
Dodge: Dodged            |   120 |   149 ||   269
